 Dungeon Crawl Stone Soup version 0.27.1-3-gb3d3a73c9e (webtiles) character file.

Game seed: 1532573537262221076

154 saltiestKirin the Stinger (level 5, -3/43 HPs)
             Began as a Naga Venom Mage on Oct 25, 2021.
             Was a Believer of Jiyva.
             Slain by a hound (5 damage)
             ... on level 3 of the Dungeon.
             The game lasted 00:37:31 (4759 turns).

saltiestKirin the Stinger (Naga Venom Mage)         Turns: 4759, Time: 00:37:32

Health: -3/43      AC:  4    Str: 10    XL:     5   Next: 36%
Magic:  3/9        EV:  9    Int: 17    God:    Jiyva [**....]
Gold:   69         SH:  0    Dex: 11    Spells: 8/9 levels left

rFire    . . .     SeeInvis +   d - +0 flail
rCold    . . .     Faith    .   (no shield)
rNeg     . . .     Spirit   .   e - +1 leather armour
rPois    +         Reflect  .   (no helmet)
rElec    .         Harm     .   (no cloak)
rCorr    .         Rampage  .   (no gloves)
Will     .....                  (no barding)
Stlth    ++........             (no amulet)
HPRegen  0.14/turn              (no ring)
MPRegen  0.11/turn              (no ring)

@: very slow
A: AC +1, large, see invisible, deformed body, poison resistance, slowness 2,
spit poison 1, naga tail 1
a: Spit Poison, Renounce Religion, Request Jelly


You were on level 3 of the Dungeon.
You worshipped Jiyva.
Jiyva was pleased with you.
You visited 1 branch of the dungeon, and saw 4 of its levels.

You collected 69 gold pieces.

Inventory:

Hand Weapons
 b - a +0 hand axe
 c - a +0 dagger
 d - a +0 flail (weapon)
 g - a +0 short sword
 h - a +0 dagger
 m - a +0 rapier
Missiles
 n - 18 arrows
Armour
 a - a +0 robe
 e - a +1 leather armour (worn)
 i - a +0 ring mail
Scrolls
 l - a scroll of identify {unknown}


   Skills:
 + Level 0.7 Fighting
 * Level 2.0 Maces & Flails
 + Level 1.2 Armour
 + Level 1.6 Dodging
 + Level 3.2 Stealth
 + Level 2.8 Spellcasting
 + Level 1.8 Transmutations
 + Level 0.1 Air Magic
 + Level 5.0 Poison Magic


You had 8 spell levels left.
You knew the following spells:

 Your Spells              Type           Power      Damage    Failure   Level
a - Sting                 Tmut/Pois      56%        1d5       6%          1

Your spell library contained the following spells:

 Spells                   Type           Power      Damage    Failure   Level
 Poisonous Vapours        Pois/Air       22%        N/A       12%         2
 Olgreb's Toxic Radiance  Pois           19%        N/A       30%         4
 Mephitic Cloud           Conj/Pois/Air  8%         N/A       34%         3
 Gell's Gravitas          Tloc           1%         N/A       56%         3
 Teleport Other           Tloc           2%         N/A       56%         3
 Dispersal                Tloc           1%         N/A       100%        6


Dungeon Overview and Level Annotations

Branches:
Dungeon (4/15)
 Temple: D:4-7

Altars:
Jiyva

Shops:
D:2 *


Innate Abilities, Weirdness & Mutations

Your serpentine skin is tough. (AC +1)
You have supernaturally acute eyesight. (SInv)
Armour fits poorly on your strangely shaped body.
Your system is resistant to poisons. (rPois)
You cover ground very slowly.
You can spit poison.
You have a snake-like lower body.


Message History

The hound barely misses you. The hound bites you.
* * * LOW HITPOINT WARNING * * *
The hound closely misses you. The hound closely misses you.
The hound barely misses you.
There is a stone staircase leading up here.
The hound bites you.
* * * LOW HITPOINT WARNING * * *
The ball python bites you but does no damage.
You climb upwards.
There is a stone staircase leading down here.
Aiming: Sting (safe; 6% risk of failure)
Press: ? - help, Q - select action, (/) - cycle Shift-Dir - straight line, f - hound
Aim: a hound (60% to hit)
The sting misses the hound.
The hound completely misses you. The hound barely misses you.
Aiming: Sting (safe; 6% risk of failure)
Press: ? - help, Q - select action, (/) - cycle Shift-Dir - straight line, f/p - hound
Aim: a hound (60% to hit)
The sting hits the hound.
The hound is poisoned.
The hound is lightly wounded.
The hound bites you.
* * * LOW HITPOINT WARNING * * *
As you read the scroll labelled TOGUIF MERYDGH, it crumbles to dust.
It is a scroll of enchant armour.
Your +0 leather armour glows green for a moment.
The hound bites you but does no damage. The hound bites you.
* * * LOW HITPOINT WARNING * * *
As you read the scroll labelled FETOLU PUET, it crumbles to dust.
It is a scroll of amnesia.
Your memory of Poisonous Vapours unravels.
The hound bites you.
* * * LOW HITPOINT WARNING * * *
The hound barely misses you. The hound bites you but does no damage.
The hound barely misses you. The hound closely misses you.
Jiyva gurgles merrily.
The hound looks more healthy.
The hound bites you.
You die...

##P....PP♣ #..# #.
#...P...♣♣#####..# #.
#.♣♣..♣P♣♣.......# #.
#..♣♣.P♣♣######.#####.
##....# #######.
###...### #. #.h.# #.
##@## #. #.# ## #.# #
#.# #.# ############
#.# #..J.......#
#.####.########.#
#......# #.# #####..#
#.#


You could see a hound and a neutral jelly (wandering) (fellow slime).

Vanquished Creatures
  A hound (D:4)
  An orc priest (D:3)
  3 adders
  A worm (D:3)
  3 dart slugs
  3 orcs (D:3)
  6 ball pythons
  An endoplasm (D:1)
  A giant cockroach (D:2)
  5 goblins
  6 hobgoblins
  A jackal (D:1)
  6 quokkas
  4 bats
  2 frilled lizards
  6 kobolds
  3 rats
53 creatures vanquished.

Vanquished Creatures (others)
  2 jellies
  An iguana (D:3)
  An adder (D:3)
  2 worms
  2 dart slugs
  6 endoplasms
  An orc (D:3)
  4 bats
  3 goblins
  2 hobgoblins (D:3)
  3 jackals (D:1)
  2 kobolds (D:3)
  A quokka (D:3)
  2 ball pythons
  A frilled lizard (D:3)
  2 rats
  140 plants
  10 withered plants (D:1)
185 creatures vanquished.

Grand Total: 238 creatures vanquished

Notes
Turn   | Place    | Note
-------+----------+-------------------------------------------
     0 | D:1      | saltiestKirin the Naga Venom Mage began the quest for the
                  | Orb.
     0 | D:1      | Reached XP level 1. HP: 15/15 MP: 3/3
   680 | D:1      | Found a faded altar of an unknown god.
   698 | D:1      | Became a worshipper of Jiyva Judun the Shapeless
   698 | D:1      | Reached * piety under Jiyva
   716 | D:1      | Reached XP level 2. HP: 11/22 MP: 1/5
  1667 | D:2      | Found Hiula's Assorted Antiques.
  1691 | D:2      | Reached XP level 3. HP: 16/28 MP: 1/6
  2110 | D:2      | Reached skill level 1 in Maces & Flails
  2993 | D:2      | Learned a level 2 spell: Poisonous Vapours
  3176 | D:3      | Reached skill level 1 in Armour
  3176 | D:3      | Reached XP level 4. HP: 36/36 MP: 4/7
  3557 | D:3      | Reached ** piety under Jiyva
  3798 | D:3      | Reached XP level 5. HP: 21/43 MP: 2/9
  4692 | D:4      | Reached skill level 5 in Poison Magic
  4755 | D:3      | HP: 1/43 [hound (2)]
  4759 | D:3      | Slain by a hound

Illustrated notes

Levels and vault maps discovered:
D:1:      minmay_arrival_pointy, layout_basic,
          shapermc_ecumenical_altar_flowoftime
D:2:      layout_loops_ring, serial_bayou, serial_bayou_lagoon_a,
          serial_bayou_crossing, serial_bayou_ford_a, serial_bayou_pond_c,
          serial_shops, shop, serial_bayou_lagoon_b
D:3:      minmay_thinvault, layout_loops_ring, serial_forest,
          infiniplex_forest_straight_3, infiniplex_forest_end_2,
          infiniplex_forest_straight_4, infiniplex_forest_clump_C,
          infiniplex_forest_end_1, infiniplex_forest_clump_tiny,
          infiniplex_forest_lined_2
D:4:      layout_rooms, amcnicky_mini_pool_small, grunt_ministairs_5

Skill      XL: |  1  2  3  4  5 |
---------------+----------------+-----
Maces & Flails | 1 2 |  2.0
Armour         | 1 |  1.2
Poison Magic   | 5 |  5.0
Fighting       | |  0.7
Dodging        | |  1.6
Stealth        | |  3.2
Spellcasting   | |  2.8
Transmutations | |  1.8
Air Magic      | |  0.1

Action                   |  1- 3 |  4- 6 || total
-------------------------+-------+-------++-------
Melee: Unarmed           |    16 |       ||    16
       Hand axe          |     4 |       ||     4
       Flail             |    17 |    66 ||    83
 Cast: Sting             |    61 |    27 ||    88
       Poisonous Vapours |     2 |     5 ||     7
Invok: Request Jelly     |       |     1 ||     1
 Abil: Spit Poison       |     2 |     7 ||     9
  Use: Potion            |     1 |     1 ||     2
       Scroll            |       |     2 ||     2
Armor: Leather armour    |    12 |    43 ||    55
Dodge: Dodged            |    41 |    68 ||   109
